 Dungeon Crawl Stone Soup version 0.29-a0-330-g52719c12eb (webtiles) character file.

Game seed: 2981356684361010477

6951 tilp the Frost Mage (level 10, 49/49 HPs)
             Began as a Felid Ice Elementalist on Apr 23, 2022.
             Was a High Priest of Vehumet.
             Quit the game on level 2 of the Lair of Beasts.
             The game lasted 00:29:13 (24322 turns).

tilp the Frost Mage (Felid Ice Elementalist)       Turns: 24322, Time: 00:29:13

Health: 49/49      AC:  2    Str: 10    XL:     10   Next: 80%
Magic:  20/20      EV: 20    Int: 21    God:    Vehumet [*****.]
Gold:   545        SH:  0    Dex: 17    Spells: 7/21 levels left
                                        Lives:  0   Deaths: 2

rFire   . . .      SeeInvis +     - Unarmed
rCold   . . .      Faith    +   (shield unavailable)
rNeg    + . .      Spirit   .   (body armour unavailable)
rPois   .          Reflect  .   (helmet unavailable)
rElec   .          Harm     .   (cloak unavailable)
rCorr   .          Rampage  .   (gloves unavailable)
Will    +....                   (boots unavailable)
Stlth   ++++......              r - amulet of faith
HPRegen 0.16/turn               B - ring of positive energy
MPRegen 0.17/turn               m - +6 ring of strength

@: quick
A: very small, claws 1, fangs 3, see invisible, speed 1, shaggy fur 2, stealthy
paws, no weapons or thrown items, no armour, multi-lived
a: Renounce Religion


You were on level 2 of the Lair of Beasts.
You worshipped Vehumet.
Vehumet was extremely pleased with you.
You visited 3 branches of the dungeon, and saw 14 of its levels.
You also visited: Bailey.

You collected 797 gold pieces.
You spent 252 gold pieces at shops.

Inventory:

Jewellery
 m - a +6 ring of strength (right paw)
 r - an amulet of faith (around neck)
 s - an amulet of magic regeneration
 B - a ring of positive energy (left paw)
Wands
 c - a wand of polymorph (16)
 i - a wand of charming (13)
 n - a wand of digging (16)
 v - a wand of mindburst (14)
 w - a wand of flame (14)
 y - a wand of acid (6)
 D - a wand of iceblast (4)
Scrolls
 h - 2 scrolls of magic mapping
 q - 3 scrolls of fog
 t - 13 scrolls of teleportation
 x - 3 scrolls of immolation
 z - a scroll of vulnerability
 A - a scroll of fear
Potions
 a - 2 potions of magic
 b - a potion of resistance
 d - 5 potions of ambrosia
 e - 2 potions of mutation
 f - 7 potions of curing
 g - 4 potions of haste
 j - 8 potions of lignification
 k - 2 potions of attraction
 l - a potion of cancellation {unknown}
 o - 2 potions of flight
 p - 2 potions of brilliance
 u - 4 potions of heal wounds


   Skills:
 + Level 8.8 Fighting
 - Level 6.0 Dodging
 - Level 8.0 Stealth
 - Level 6.0 Unarmed Combat
 + Level 6.0 Spellcasting
 * Level 9.3 Conjurations
 * Level 9.3 Ice Magic
 - Level 4.0 Earth Magic
 - Level 6.0 Evocations


You had 7 spell levels left.
You knew the following spells:

 Your Spells              Type           Power      Damage    Failure   Level
a - Freeze                Ice            100%       1d11      1%          1
b - Frozen Ramparts       Ice            90%        1d11      1%          3
c - Ozocubu's Armour      Ice            45%        N/A       1%          3
d - Hailstorm             Conj/Ice       45%        3d10      1%          4
e - Stone Arrow           Conj/Erth      68%        3d11      1%          3

Your spell library contained the following spells:

 Spells                   Type           Power      Damage    Failure   Level
 Orb of Destruction       Conj           22%        9d8       41%         7
 Sandblast                Erth           46%        2d11      1%          1
 Static Discharge         Conj/Air       26%        N/A       1%          2
 Ensorcelled Hibernation  Hex/Ice        50%        N/A       2%          2
 Passwall                 Tmut/Erth      11%        N/A       6%          2
 Pain                     Necr           24%        1d5       10%         1
 Lightning Bolt           Conj/Air       13%        1d26      11%         5
 Sublimation of Blood     Necr           6%         N/A       14%         2
 Wereblood                Tmut           6%         N/A       14%         2
 Ice Form                 Ice/Tmut       25%        N/A       14%         4
 Summon Ice Beast         Ice/Summ       25%        N/A       14%         4
 Spider Form              Tmut/Pois      6%         N/A       28%         3
 Anguish                  Hex/Necr       3%         N/A       67%         4
 Agony                    Necr           6%         N/A       95%         5
 Summon Forest            Summ/Tloc      3%         N/A       95%         5
 Summon Mana Viper        Hex/Summ       6%         N/A       95%         5
 Dispersal                Tloc           3%         N/A       100%        6
 Summon Cactus Giant      Summ           3%         N/A       100%        6
 Summon Hydra             Summ           3%         N/A       100%        7
 Disjunction              Tloc           3%         N/A       100%        8
 Maxwell's Capacitive Co  Air            3%         ∞         100%        8
 Excruciating Wounds      Necr           Unusable   N/A       N/A         5

Dungeon Overview and Level Annotations

Branches:
Dungeon (11/15)            Temple (1/1) D:5            Lair (2/6) D:11
 Spider (0/4) Lair:2          Orc (0/2) D:10         Bailey (visited)
  Swamp: Lair:2-4    Shoals: Lair:2-4

Altars:
Ashenzari
Cheibriados
Dithmenos
Elyvilon
Fedhas
Gozag
Hepliaklqana
Kikubaaqudgha
Makhleb
Nemelex Xobeh
Okawaru
Qazlal
Ru
Sif Muna
Trog
Uskayaw
Vehumet
Wu Jian
Xom
Yredelemnul
Zin
The Shining One

Shops:
D:2 :   D:8 ?

Annotations:
D:9 Psyche
D:11 Urug


Innate Abilities, Weirdness & Mutations

You have sharp claws.
You have razor-sharp teeth.
You have supernaturally acute eyesight. (SInv)
You cover ground quickly. (Speed+)
You are covered in thick fur. (AC +2)
Your paws help you pounce on unaware monsters.
You are incapable of wielding weapons or throwing items.
You cannot wear armour.
You gain extra lives every three experience levels.


Message History

You start waiting.
Done waiting.
You start waiting.
Done waiting.
You see here a cane toad skeleton.
There is a hole to the Spider Nest here.
Key pressed, stopping explore.
Found a stone staircase leading up.
A seven-headed hydra comes into view.
A seven-headed hydra is nearby!
A seven-headed hydra is nearby!
A seven-headed hydra is nearby!
The helpless seven-headed hydra fails to defend itself.
You eviscerate the seven-headed hydra!!!
You bite the seven-headed hydra.
The seven-headed hydra is heavily wounded.
The seven-headed hydra barely misses you.
The seven-headed hydra bites you. x2
The seven-headed hydra closely misses you.
The seven-headed hydra barely misses you.
The seven-headed hydra misses you.
The seven-headed hydra completely misses you.
Unknown command.
Casting: Frozen Ramparts (safe; 1% risk of failure)
Confirm with . or Enter, or press ? or * to list all spells.
Aiming: Stone Arrow (safe; 1% risk of failure)
Press: ? - help, Shift-Dir - straight line, f - seven-headed hydra
Aim: a seven-headed hydra (heavily wounded, 91% to hit)
The stone arrow hits the seven-headed hydra!!
The seven-headed hydra is almost dead.
The seven-headed hydra bites you! The seven-headed hydra bites you.
The seven-headed hydra misses you. The seven-headed hydra bites you.
The seven-headed hydra misses you. The seven-headed hydra bites you!
* * * LOW HITPOINT WARNING * * *
The seven-headed hydra bites you!
You die...
You are now level 10!
You rejoin the land of the living...
Unknown command.
Are you sure you want to abandon this character and quit the game? (Confirm with "yes".)

##÷# #............#...###.
##.>#
#...........##>.8##..
#...#
#......?....##....##.
#...#
#..........###...####
###.#
##...........##...### ##.#
##......P.##..#...##
##..## ##..##...#..###....
#.#..# #...##......P##...
##...# ##@.#####......##..
#..P.# #..#.#P.....P.#####
##.P.# #.............# #
#..#########...######...##
# ##.###.##.###### #..##
##
#.........#.########...#
#.
####.#P.#..............##
##.
#####.#######P#.##.#.###..
### ######........


There were no monsters in sight!

Vanquished Creatures
  3 two-headed ogres
  Pikel (D:6)
  2 black mambas (Lair:2)
  3 cane toads
  A gargoyle (Bailey)
  2 unseen horrors
  7 komodo dragons
  A troll (D:11)
  A polar bear (Lair:1)
  5 blink frogs (Lair:2)
  2 wyverns
  A vampire (Bailey)
  A shadow (D:9)
  8 wraiths
  34 yaks
  A steam dragon (Lair:2)
  An orc warrior (D:8)
  3 water moccasins
  An ice beast (D:6)
  A sky beast (D:5)
  2 black bears
  6 centaurs
  An ogre (D:6)
  3 lemures (D:6)
  9 kobold brigands
  2 gnoll sergeants (D:8)
  10 bullfrogs
  3 necrophages
  A scorpion (D:6)
  10 wights
  5 killer bees (D:11)
  7 vampire bats (Bailey)
  3 wolf zombies (Bailey)
  A crimson imp (D:7)
  2 howler monkeys (D:10)
  4 jellies
  5 orc priests
  4 hounds
  Natasha (thrice) (D:2)
  A gnoll shaman (D:9)
  2 iguanas
  Ijyb (D:3)
  13 orc wizards
  2 human simulacra (D:10)
  14 gnolls
  8 adders
  A shadow imp (D:6)
  A white imp (D:6)
  3 worms
  4 dart slugs
  37 orcs
  3 ball pythons
  8 endoplasms
  A giant cockroach (D:4)
  17 goblins
  8 hobgoblins
  2 jackals (D:2)
  4 quokkas
  5 bats
  A frilled lizard (D:3)
  50 kobolds
  23 orc zombies (Bailey)
  2 rats (D:1)
  A butterfly (Lair:2)
372 creatures vanquished.

Vanquished Creatures (collateral kills)
  A necrophage (D:5)
1 creature vanquished.

Vanquished Creatures (others)
  A butterfly (D:9)
  18 fungi
  29 plants
48 creatures vanquished.

Grand Total: 421 creatures vanquished

Notes
Turn   | Place    | Note
-------+----------+-------------------------------------------
     0 | D:1      | tilp the Felid Ice Elementalist began the quest for the
                  | Orb.
     0 | D:1      | Reached XP level 1. HP: 7/7 MP: 4/4
   417 | D:1      | Found a faded altar of an unknown god.
   566 | D:1      | Reached XP level 2. HP: 8/12 MP: 4/6
  1425 | D:1      | Reached skill level 1 in Fighting
  1782 | D:2      | Found Ytidghexu's Book Shop.
  2063 | D:2      | Reached XP level 3. HP: 6/15 MP: 3/7
  2067 | D:2      | Learned a level 3 spell: Frozen Ramparts
  3313 | D:2      | Learned a level 3 spell: Ozocubu's Armour
  3315 | D:2      | Noticed Natasha
  3685 | D:2      | Reached XP level 4. HP: 19/19 MP: 8/8
  4086 | D:2      | Killed Natasha
  4753 | D:2      | Noticed Natasha
  4759 | D:2      | Killed Natasha
  4760 | D:2      | Reached skill level 5 in Ice Magic
  4760 | D:2      | Reached XP level 5. HP: 14/22 MP: 4/10
  4834 | D:2      | Noticed Natasha
  4838 | D:2      | Killed Natasha
  5270 | D:3      | Noticed Ijyb
  5283 | D:3      | Killed Ijyb
  6150 | D:3      | Gained mutation: You are covered in thick fur. (AC +2)
                  | [Felid growth]
  6150 | D:3      | Reached XP level 6. HP: 26/26 MP: 4/11
  6752 | D:4      | Found a basalt altar of Yredelemnul.
  6894 | D:4      | Reached skill level 1 in Evocations
  7104 | D:4      | Found a shimmering altar of Xom.
  7107 | D:4      | Found a hide-covered altar of Uskayaw.
  7110 | D:4      | Found an ornate altar of the Wu Jian Council.
  7113 | D:4      | Found a glowing golden altar of the Shining One.
  7270 | D:4      | You fall into a shaft and drop 2 floors!
  7276 | D:6      | Noticed an ice beast
  7291 | D:6      | Noticed a water moccasin
  7291 | D:6      | an ice beast changed into a water moccasin
  7295 | D:6      | Killed a water moccasin
  7296 | D:6      | Reached skill level 1 in Unarmed Combat
  7296 | D:6      | Reached XP level 7. HP: 27/31 MP: 1/12
  7502 | D:5      | Entered Level 5 of the Dungeon
  7502 | D:5      | Found a staircase to the Ecumenical Temple.
  7895 | Temple   | Entered the Ecumenical Temple
  8479 | D:4      | Learned a level 4 spell: Hailstorm
  8663 | D:5      | Reached skill level 5 in Stealth
  8736 | D:5      | Reached skill level 1 in Conjurations
  8736 | D:5      | Reached XP level 8. HP: 27/36 MP: 3/13
  8988 | D:5      | Found a radiant altar of Vehumet.
  9160 | D:5      | Became a worshipper of Vehumet
  9522 | D:2      | Bought a book of Geomancy for 252 gold pieces
  9990 | D:5      | Learned a level 3 spell: Stone Arrow
 10276 | D:6      | Reached * piety under Vehumet
 10276 | D:6      | Offered knowledge of Shock by Vehumet.
 10386 | D:6      | Noticed Pikel
 10395 | D:6      | Killed Pikel
 10396 | D:6      | Reached skill level 5 in Fighting
 10396 | D:6      | Reached skill level 1 in Earth Magic
 10396 | D:6      | Reached XP level 9. HP: 22/40 MP: 0/16
 11593 | D:7      | Found a burning altar of Makhleb.
 12064 | D:7      | Reached ** piety under Vehumet
 12064 | D:7      | Offered knowledge of Poisonous Vapours by Vehumet.
 12137 | D:7      | Reached skill level 5 in Conjurations
 13027 | D:7      | Found an opulent altar of Gozag.
 13027 | D:7      | Found a glowing silver altar of Zin.
 13161 | D:8      | Noticed a komodo dragon
 13173 | D:8      | Killed a komodo dragon
 13174 | D:8      | Reached skill level 5 in Spellcasting
 13258 | D:8      | Reached XP level 10. HP: 26/45 MP: 3/18
 13267 | D:8      | Offered knowledge of Conjure Flame by Vehumet.
 13335 | D:8      | Found Tevaarphi's Magic Scroll Shoppe.
 13373 | D:8      | Reached *** piety under Vehumet
 13480 | D:8      | Found a flagged portal.
 13492 | Bailey   | Entered a bailey
 13813 | Bailey   | Offered knowledge of Fulminant Prism by Vehumet.
 14420 | Bailey   | Noticed a gargoyle
 14426 | Bailey   | Killed a gargoyle
 14839 | Bailey   | Reached **** piety under Vehumet
 15481 | Bailey   | Identified the +2 robe of Satisfaction {MP+9 Str+6}
 15784 | D:8      | Offered knowledge of Ignite Poison by Vehumet.
 15989 | D:8      | Found a stormy altar of Qazlal.
 16506 | D:9      | Noticed Psyche
 16827 | D:9      | Found a white marble altar of Elyvilon.
 16950 | D:9      | Noticed a two-headed ogre
 17129 | D:9      | Reached XP level 11. HP: 27/49 MP: 6/19
 17469 | D:9      | Reached skill level 5 in Dodging
 17881 | D:10     | Entered Level 10 of the Dungeon
 17881 | D:10     | Noticed a two-headed ogre
 17884 | D:10     | Killed a two-headed ogre
 17906 | D:10     | Reached ***** piety under Vehumet
 17907 | D:10     | Reached skill level 5 in Evocations
 18079 | D:10     | Found a staircase to the Orcish Mines.
 18135 | D:10     | Noticed a two-headed ogre
 18143 | D:10     | Killed a two-headed ogre
 18157 | D:10     | Offered knowledge of Spellforged Servitor by Vehumet.
 18158 | D:10     | Reached skill level 5 in Unarmed Combat
 19184 | D:10     | Found a bloodstained altar of Trog.
 20039 | D:11     | Noticed Urug
 20443 | D:11     | Found a staircase to the Lair.
 20479 | D:11     | Mangled by a troll
 20480 | D:11     | Reached XP level 10. HP: -8/48 MP: 1/18
 21143 | D:9      | Killed a two-headed ogre
 21349 | Lair:1   | Entered Level 1 of the Lair of Beasts
 21426 | Lair:1   | Reached XP level 11. HP: 42/51 MP: 2/19
 23107 | Lair:2   | Offered knowledge of Orb of Destruction by Vehumet.
 23834 | Lair:2   | Found a hole to the Spider Nest.
 24314 | Lair:2   | Noticed a seven-headed hydra
 24321 | Lair:2   | Mangled by a seven-headed hydra
 24322 | Lair:2   | Reached XP level 10. HP: -7/49 MP: 18/20
 24322 | Lair:2   | Quit the game

Illustrated notes

Levels and vault maps discovered:
D:1:      lemuel_arrival_river_ford, layout_basic,
          chequers_ecumenical_altar_twisty
D:2:      layout_loops_corners, serial_shops, shop, corexii_leaking_fountain,
          kennysheep_decorative_pillar, chequers_jeans, minmay_misc_feat_alley,
          kennysheep_nub, grunt_decor_cap, uniq_natasha
D:3:      kennysheep_the_goblin_king, layout_basic
D:4:      layout_cave_pools, yredelemnul_altar_generic,
          grunt_temple_overflow_cloverleaf
D:5:      layout_cave_pools, fiery_altar_vehumet, minmay_temple_entry_overgrown
D:6:      layout_gridville, supply_closet_lemuel, uniq_pikel
D:7:      nicolae_cairo_tiling_very_big, layout_cave_pods,
          grunt_temple_overflow_gold_and_silver,
          mainiacjoe_overflow_tiny_flanked, minmay_misc_feat_pillars
D:8:      layout_cave_pools, general_overflow_altar, serial_shops, shop,
          enter_bailey_2, serial_park, serial_park_square2,
          serial_park_tiny_pond, serial_park_gazebo
          [serial_park_minivault_5x5_1]
D:9:      layout_loops_corners, nicolae_elyvilon_peaceful_grove, uniq_psyche
D:10:     layout_basic, mainiacjoe_overflow_surrounded_room, david_orc_2,
          bh_circular_ruins
D:11:     layout_long_grid, dpeg_oklobed_lair, uniq_urug
Temple:   eino_wide_crystal_templ
Lair:1:   layout_long_grid, serial_forest, infiniplex_forest_straight_5,
          infiniplex_forest_lined_room_3, infiniplex_forest_straight_2,
          infiniplex_forest_diagonal, infiniplex_forest_clump_medium,
          infiniplex_forest_straight_2, infiniplex_forest_clump_small
Lair:2:   layout_loops_ring, dummy_spider_entry, grunt_megastairs_5,
          lemuel_fruit_fields, serial_bayou_shore_a, lemuel_fruit_fields

Skill      XL: |  1  2  3  4  5  6  7  8  9 10 11 |
---------------+----------------------------------+-----
Ice Magic      | 4 5 6 7 8 9 |  9.3
Fighting       | 1 2 3 4 5 6 8 7 |  8.8
Spellcasting   | 3 4 5 6 |  6.0
Stealth        | 3 6 8 |  8.0
Dodging        | 3 4 6 |  6.0
Evocations     | 1 2 3 4 6 |  6.0
Unarmed Combat | 1 2 3 6 |  6.0
Conjurations   | 1 3 5 8 9 |  9.3
Earth Magic    | 1 3 4 |  4.0

Action                   |  1- 3 |  4- 6 |  7- 9 | 10-12 || total
-------------------------+-------+-------+-------+-------++-------
Melee: Unarmed           |    22 |    21 |    57 |   137 ||   237
       Bite              |     3 |     2 |    10 |    22 ||    37
       Punch             |       |       |     1 |    10 ||    11
 Cast: Freeze            |    43 |    33 |    51 |     4 ||   131
       Frozen Ramparts   |     6 |    35 |    29 |    46 ||   116
       Ozocubu's Armour  |       |     9 |    25 |    25 ||    59
       Hailstorm         |       |       |     4 |    11 ||    15
       Stone Arrow       |       |       |    33 |   212 ||   245
Evoke: Wand              |       |     5 |     2 |     5 ||    12
  Use: Scroll            |     6 |     2 |    11 |     5 ||    24
       Potion            |     1 |       |     2 |     1 ||     4
 Stab: Sleeping          |    11 |     4 |     8 |    12 ||    35
Armor: Skin              |       |     5 |    24 |    23 ||    52
Dodge: Dodged            |    22 |    46 |   108 |   199 ||   375

Table legend: (Time is in decaauts)
 A = Elapsed time spent in this place.
 B = Non-inter-level travel time spent in this place.
 C = Inter-level travel time spent in this place.
 D = Time resting spent in this place.
 E = Time spent auto-exploring this place.
 F = Levels seen in this place.
 G = Mean time per level.
                   A        B        C        D        E       F      G
               +--------+--------+--------+--------+--------+-----+--------+
         Total |  22175 |  21354 |    821 |   5527 |  13106 |  15 | 1478.3 |
       Dungeon |  17334 |  16558 |    776 |   3439 |  11008 |  11 | 1575.8 |
        Temple |    141 |    124 |     17 |      0 |    118 |   1 |  141.0 |
          Lair |   2712 |   2685 |     27 |    405 |   1979 |   2 | 1356.0 |
        Bailey |   1986 |   1986 |      0 |   1683 |      0 |   1 | 1986.0 |
               +--------+--------+--------+--------+--------+-----+--------+

Top non-repeatable levels by time:
     D:2: 2843 daAuts
     D:6: 2022 daAuts
  Bailey: 1986 daAuts
     D:1: 1824 daAuts
     D:9: 1798 daAuts
    D:10: 1727 daAuts
     D:7: 1698 daAuts
  Lair:2: 1546 daAuts
     D:4: 1534 daAuts
    D:11: 1256 daAuts
     D:3: 1220 daAuts
  Lair:1: 1165 daAuts
     D:8: 707 daAuts
     D:5: 701 daAuts
  Temple: 141 daAuts
